[Event "4NCL Div 1 2018-19"]
[Site "Daventry"]
[Date "2019.01.13"]
[Round "4"]
[White "Rendle, Thomas E"]
[Black "Weaving, Richard"]
[Result "1/2-1/2"]
[ECO "C55"]
[WhiteElo "2377"]
[BlackElo "2330"]
[Annotator "NA"]
[PlyCount "41"]
[EventDate "2019.01.12"]
[EventCountry "GBR"]
[SourceTitle "playchess.com"]
[Source "ChessBase"]
[SourceQuality "1"]
[TimeControl "40"]

1. e4 e5 2. Nf3 Nc6 3. Bc4 Nf6 4. d3 Be7 5. O-O O-O 6. Re1 d6 7. a4 h6 8. a5 a6 9. h3 Nh7 10. Nc3 Ng5 11. Nd5 Nxf3+ 12. Qxf3 Nd4 13. Qd1 Bg5 14. f4 exf4 15. Nxf4 Ne6 16. Nxe6 Bxe6 17. Bxe6 fxe6 18. Qg4 Qf6 19. Bxg5 hxg5 20. Rf1 Qe5 21. c3 1/2-1/2

[Event "4NCL Div 1 2018-19"]
[Site "Daventry"]
[Date "2019.01.13"]
[Round "4"]
[White "Gourlay, Iain"]
[Black "Tyomkyn, Mikhail"]
[Result "1/2-1/2"]
[ECO "A16"]
[WhiteElo "2351"]
[BlackElo "2111"]
[Annotator "NA"]
[PlyCount "29"]
[EventDate "2019.01.12"]
[EventCountry "GBR"]
[SourceTitle "playchess.com"]
[Source "ChessBase"]
[SourceQuality "1"]
[TimeControl "40"]

1. c4 g6 2. g3 Bg7 3. Bg2 Nf6 4. Nc3 O-O 5. Rb1 c6 6. e4 d5 7. cxd5 cxd5 8. exd5 Na6 9. b4 Bf5 10. d3 Rc8 11. Nge2 Nc7 12. Nf4 Nh5 13. Nfe2 Nf6 14. Nf4 Nh5 15. Nfe2 1/2-1/2

[Event "4NCL Div 1 2018-19"]
[Site "Daventry"]
[Date "2019.01.13"]
[Round "4"]
[White "Kulon, Klaudia"]
[Black "Wadsworth, Matthew J"]
[Result "0-1"]
[ECO "A20"]
[WhiteElo "2347"]
[BlackElo "2373"]
[Annotator "NA"]
[PlyCount "94"]
[EventDate "2019.01.12"]
[EventCountry "GBR"]
[SourceTitle "playchess.com"]
[Source "ChessBase"]
[SourceQuality "1"]
[TimeControl "40"]

1. c4 e5 2. g3 h5 3. h4 Nc6 4. Bg2 Bc5 5. Nc3 d6 6. Na4 Bb6 7. Nxb6 axb6 8. d3 Nge7 9. e4 Nd4 10. Nh3 f6 11. O-O Be6 12. Be3 Qd7 13. Kh2 Nec6 14. a3 b5 15. Rc1 Bg4 16. f3 Be6 17. Rc3 bxc4 18. dxc4 b5 19. cxb5 Nxb5 20. Rc1 Ncd4 21. Ng1 Nb3 22. Rc2 N5d4 23. Rc3 Rb8 24. Bh3 c5 25. f4 Bg4 26. Qd3 O-O 27. f5 Qb5 28. Qb1 Rf7 29. Rf2 Bxh3 30. Nxh3 Rfb7 31. Qd1 Qc6 32. Qxh5 Qxe4 33. g4 Nf3+ 34. Kg3 Nbd4 35. b4 c4 36. Bxd4 Nxd4 37. Kh2 Ne2 38. Rcf3 c3 39. g5 c2 40. Rf1 c1=Q 41. Rxc1 Nxc1 42. g6 Qc4 43. Ng5 fxg5 44. hxg5 Ne2 45. Qh7+ Kf8 46. f6 Nf4 47. Rf2 Qg8 0-1

[Event "4NCL Div 1 2018-19"]
[Site "Daventry"]
[Date "2019.01.13"]
[Round "4"]
[White "Kilpatrick, Callum"]
[Black "Maciol, Ryszard"]
[Result "1-0"]
[ECO "C00"]
[WhiteElo "2344"]
[BlackElo "2163"]
[Annotator "NA"]
[PlyCount "99"]
[EventDate "2019.01.12"]
[EventCountry "GBR"]
[SourceTitle "playchess.com"]
[Source "ChessBase"]
[SourceQuality "1"]
[TimeControl "40"]

1. e4 e6 2. d3 d5 3. Nd2 Nf6 4. Ngf3 Be7 5. g3 c5 6. Bg2 Nc6 7. O-O Qc7 8. Re1 dxe4 9. dxe4 O-O 10. c3 Rd8 11. Qc2 b6 12. Nc4 Ba6 13. Bf1 b5 14. Bf4 Qb7 15. Ncd2 h6 16. h4 Rd7 17. a4 bxa4 18. Bxa6 Qxa6 19. Rxa4 Qb7 20. Rea1 Nh5 21. Be3 Qc7 22. Nc4 Nf6 23. Bf4 Qc8 24. Nb6 Qb7 25. Nxa8 Qxa8 26. Ne5 Nxe5 27. Bxe5 Ng4 28. Bf4 e5 29. Bc1 Bd8 30. Qe2 Nf6 31. Be3 Bb6 32. Qc4 Qd8 33. Kg2 Ng4 34. Re1 Qf6 35. Qe2 Nxe3+ 36. Qxe3 c4 37. Qe2 Qd8 38. Rxc4 Kh7 39. Qf3 g6 40. Rc6 Kg7 41. h5 Qg5 42. Rd1 Rxd1 43. Qxd1 gxh5 44. Qd6 h4 45. Rc8 hxg3 46. Qf8+ Kg6 47. Qg8+ Kf6 48. Rc6+ Ke7 49. Qxg5+ hxg5 50. Kxg3 1-0

[Event "4NCL Div 1 2018-19"]
[Site "Daventry"]
[Date "2019.01.13"]
[Round "4"]
[White "Sowray, Peter J"]
[Black "Chow, Samuel"]
[Result "1-0"]
[ECO "D97"]
[WhiteElo "2344"]
[BlackElo "2331"]
[Annotator "NA"]
[PlyCount "76"]
[EventDate "2019.01.12"]
[EventCountry "GBR"]
[SourceTitle "playchess.com"]
[Source "ChessBase"]
[SourceQuality "1"]
[TimeControl "40"]

1. d4 Nf6 2. c4 g6 3. Nc3 d5 4. Nf3 Bg7 5. Qb3 dxc4 6. Qxc4 O-O 7. e4 Be6 8. Qd3 c5 9. d5 Bc8 10. Be3 b6 11. Qd2 e6 12. Bc4 exd5 13. exd5 Re8 14. O-O Ne4 15. Nxe4 Rxe4 16. Bb3 c4 17. Bg5 f6 18. Bc2 Re8 19. Bf4 Bb7 20. Ba4 Re4 21. Rae1 f5 22. d6 Na6 23. Rxe4 fxe4 24. Ng5 h6 25. Ne6 Qf6 26. Nxg7 Kxg7 27. Bxh6+ Kh7 28. Bg5 Qf7 29. d7 Nc5 30. d8=Q Rxd8 31. Qxd8 Nxa4 32. Bf6 g5 33. Rd1 Nc5 34. Rd6 e3 35. fxe3 Ne6 36. Qd7 Qxd7 37. Rxd7+ Kg6 38. Rxb7 Kxf6 1-0

[Event "4NCL Div 1 2018-19"]
[Site "Daventry"]
[Date "2019.01.13"]
[Round "4"]
[White "Kalavannan, Koby"]
[Black "Batchelor, Peter J"]
[Result "1-0"]
[ECO "A44"]
[WhiteElo "2339"]
[BlackElo "2316"]
[Annotator "NA"]
[PlyCount "105"]
[EventDate "2019.01.12"]
[EventCountry "GBR"]
[SourceTitle "playchess.com"]
[Source "ChessBase"]
[SourceQuality "1"]
[TimeControl "40"]

1. d4 c5 2. d5 e5 3. e4 d6 4. Nc3 Be7 5. Nf3 Bg4 6. a4 a6 7. a5 Nd7 8. Be3 Bxf3 9. Qxf3 Bg5 10. Nd1 h6 11. b3 Qf6 12. Nb2 Bxe3 13. Qxe3 Qf4 14. Qxf4 exf4 15. Nc4 Ke7 16. g3 Ngf6 17. gxf4 Nxe4 18. Bg2 Nc3 19. Kd2 Nb5 20. Rae1+ Kf8 21. Re3 Re8 22. Rhe1 Nf6 23. Nb6 Rxe3 24. Rxe3 g5 25. c3 gxf4 26. Re1 Rg8 27. Bh3 Rg5 28. Bc8 Rg2 29. Bxb7 Rxf2+ 30. Re2 Ne4+ 31. Ke1 Rxe2+ 32. Kxe2 Nexc3+ 33. Kf3 Nd4+ 34. Kxf4 Nxb3 35. Nc4 Ke7 36. Kg4 Nd4 37. Ne3 Kf6 38. Bxa6 Ke5 39. Bb7 f5+ 40. Kh3 Ndb5 41. a6 Ne4 42. Nc2 f4 43. Na3 Nc7 44. a7 Nc3 45. Nc4+ Kd4 46. Nxd6 N3xd5 47. Ne8 c4 48. Bxd5 c3 49. Nxc7 c2 50. a8=Q c1=Q 51. Qa4+ Ke5 52. Qe8+ Kd4 53. Qe4+ {[%emt 0:00:00] Kxd5 [%emt 00:00:55]} 1-0

[Event "4NCL Div 1 2018-19"]
[Site "Daventry"]
[Date "2019.01.13"]
[Round "4"]
[White "Van de Griendt, Jan Willem"]
[Black "Pigott, John C"]
[Result "1/2-1/2"]
[ECO "E05"]
[WhiteElo "2327"]
[BlackElo "2387"]
[Annotator "NA"]
[PlyCount "47"]
[EventDate "2019.01.12"]
[EventCountry "GBR"]
[SourceTitle "playchess.com"]
[Source "ChessBase"]
[SourceQuality "1"]
[TimeControl "40"]

1. d4 Nf6 2. c4 e6 3. Nf3 d5 4. g3 Be7 5. Bg2 O-O 6. O-O dxc4 7. Qc2 b6 8. Qxc4 Bb7 9. Rd1 Nbd7 10. Bg5 c5 11. dxc5 Qc8 12. c6 Qxc6 13. Qxc6 Bxc6 14. Nc3 h6 15. Bf4 Rfd8 16. Nd4 Bxg2 17. Kxg2 Rac8 18. Ndb5 a6 19. Bd6 Kf8 20. Bxe7+ Kxe7 21. Nd4 Ne5 22. Rac1 b5 23. e3 Rc7 24. a4 1/2-1/2

[Event "4NCL Div 1 2018-19"]
[Site "Daventry"]
[Date "2019.01.13"]
[Round "4"]
[White "McKay, Roderick M"]
[Black "Manley, Jon P"]
[Result "1/2-1/2"]
[ECO "C28"]
[WhiteElo "2318"]
[BlackElo "2166"]
[Annotator "NA"]
[PlyCount "63"]
[EventDate "2019.01.12"]
[EventCountry "GBR"]
[SourceTitle "playchess.com"]
[Source "ChessBase"]
[SourceQuality "1"]
[TimeControl "40"]

1. e4 e5 2. Bc4 Nf6 3. d3 Nc6 4. Nc3 Na5 5. Nge2 d6 6. O-O c6 7. a3 Nxc4 8. dxc4 Be7 9. Qd3 Bg4 10. f3 Be6 11. Bg5 O-O 12. b3 Nh5 13. Bxe7 Qxe7 14. Rad1 Rad8 15. Qe3 a6 16. a4 g6 17. Rd2 f5 18. exf5 gxf5 19. f4 Qf6 20. fxe5 dxe5 21. Ne4 Qg7 22. N4g3 Nxg3 23. hxg3 Rxd2 24. Qxd2 Kh8 25. Rd1 Rg8 26. Qd6 Bc8 27. Rd2 f4 28. Nc3 f3 29. Ne4 Bf5 30. Nf6 Qxg3 31. Nxg8 Qe1+ 32. Kh2 1/2-1/2

[Event "4NCL Div 1 2018-19"]
[Site "Daventry"]
[Date "2019.01.13"]
[Round "4"]
[White "Ciuksyte, Dagne"]
[Black "Quinn, John M"]
[Result "1/2-1/2"]
[ECO "B44"]
[WhiteElo "2297"]
[BlackElo "2123"]
[Annotator "NA"]
[PlyCount "79"]
[EventDate "2019.01.12"]
[EventCountry "GBR"]
[SourceTitle "playchess.com"]
[Source "ChessBase"]
[SourceQuality "1"]
[TimeControl "40"]

1. e4 c5 2. Nf3 e6 3. d4 cxd4 4. Nxd4 Nc6 5. Nb5 d6 6. c4 a6 7. N5c3 Nf6 8. Be2 Be7 9. O-O O-O 10. Be3 b6 11. Na3 Bb7 12. Rc1 Re8 13. Qb3 Nd7 14. Rfd1 Nc5 15. Qc2 Bf6 16. f3 Qe7 17. Qd2 Rad8 18. Nc2 a5 19. Bf1 Nb4 20. Bd4 Bg5 21. Be3 Bf6 22. Nd4 d5 23. cxd5 exd5 24. Bb5 dxe4 25. Bxe8 Qxe8 26. fxe4 Nbd3 27. e5 Qxe5 28. Nf3 Bxf3 29. gxf3 Re8 30. Ne4 Nxc1 31. Bxc5 bxc5 32. Qxc1 Qxb2 33. Qxc5 Be5 34. Rd2 Qb4 35. Qd5 Bf4 36. Re2 Qb6+ 37. Kg2 Rd8 38. Qc4 h5 39. Ng3 Bxg3 40. a3 1/2-1/2

[Event "4NCL Div 1 2018-19"]
[Site "Daventry"]
[Date "2019.01.13"]
[Round "4"]
[White "Kolbus, Dietmar"]
[Black "Walton, Alan J"]
[Result "1/2-1/2"]
[ECO "A98"]
[WhiteElo "2294"]
[BlackElo "2149"]
[Annotator "NA"]
[PlyCount "67"]
[EventDate "2019.01.12"]
[EventCountry "GBR"]
[SourceTitle "playchess.com"]
[Source "ChessBase"]
[SourceQuality "1"]
[TimeControl "40"]

1. c4 f5 2. Nf3 Nf6 3. g3 d6 4. d4 e6 5. Bg2 Be7 6. O-O O-O 7. Qc2 Qe8 8. Nc3 Qh5 9. e4 e5 10. dxe5 dxe5 11. Nd5 Nxd5 12. cxd5 Bd6 13. exf5 Bxf5 14. Qb3 Nd7 15. Be3 h6 16. Nh4 b6 17. Nxf5 Qxf5 18. Qc4 Nf6 19. f3 Rae8 20. Rae1 Qh5 21. g4 Qf7 22. Rd1 e4 23. Bc1 Qg6 24. h3 exf3 25. Bxf3 Nd7 26. Bg2 Ne5 27. Rxf8+ Rxf8 28. Qe4 Bc5+ 29. Kh1 Qxe4 30. Bxe4 Rf2 31. Bg2 Re2 32. Bf1 Rf2 33. Bg2 Re2 34. Bf1 1/2-1/2

[Event "4NCL Div 1 2018-19"]
[Site "Daventry"]
[Date "2019.01.13"]
[Round "4"]
[White "Morrison, Graham"]
[Black "Zakarian, David"]
[Result "1/2-1/2"]
[ECO "E18"]
[WhiteElo "2292"]
[BlackElo "2353"]
[Annotator "NA"]
[PlyCount "81"]
[EventDate "2019.01.12"]
[EventCountry "GBR"]
[SourceTitle "playchess.com"]
[Source "ChessBase"]
[SourceQuality "1"]
[TimeControl "40"]

1. d4 Nf6 2. c4 e6 3. Nf3 b6 4. g3 Bb7 5. Bg2 Be7 6. Nc3 O-O 7. Qc2 d6 8. O-O Nbd7 9. Rd1 c5 10. d5 e5 11. e4 Ne8 12. Ne1 Bc8 13. f4 Rb8 14. Nf3 Bf6 15. f5 a6 16. a4 Kh8 17. g4 g5 18. Be3 Rg8 19. Qd2 Nf8 20. Kf2 h6 21. Rh1 Nh7 22. Bf1 Bd7 23. Bd3 Nc7 24. Qc2 Rb7 25. Rhb1 b5 26. b3 Qe7 27. Be2 Rgb8 28. Nd2 Kg7 29. axb5 axb5 30. b4 cxb4 31. Rxb4 bxc4 32. Rxb7 Rxb7 33. Bxc4 Nb5 34. Nxb5 Bxb5 35. Bxb5 Rxb5 36. Ra7 Rb7 37. Rxb7 Qxb7 38. Qc6 Qb4 39. Qc7 Kf8 40. Qc8+ Kg7 41. Qc7 1/2-1/2

[Event "4NCL Div 1 2018-19"]
[Site "Daventry"]
[Date "2019.01.13"]
[Round "4"]
[White "De Verdier, Michael"]
[Black "Foisor, Mihaela-Veronica"]
[Result "1/2-1/2"]
[ECO "D24"]
[WhiteElo "2277"]
[BlackElo "2222"]
[Annotator "NA"]
[PlyCount "118"]
[EventDate "2019.01.12"]
[EventCountry "GBR"]
[SourceTitle "playchess.com"]
[Source "ChessBase"]
[SourceQuality "1"]
[TimeControl "40"]

1. d4 d5 2. c4 e6 3. Nc3 Nf6 4. Nf3 dxc4 5. e4 c5 6. d5 exd5 7. e5 Nfd7 8. Bg5 Be7 9. Bxe7 Qxe7 10. Nxd5 Qd8 11. Bxc4 O-O 12. O-O Nc6 13. Re1 Na5 14. Bd3 c4 15. Bc2 Nc5 16. Qd4 b6 17. Rad1 Be6 18. Bxh7+ Kh8 19. Qf4 Bxd5 20. Rxd5 Ne6 21. Qd2 Qe8 22. Bc2 Rd8 23. Re4 Rxd5 24. Qxd5 g6 25. Qd2 Kg7 26. h4 Qd8 27. Qe3 Rh8 28. g3 Qd5 29. Rg4 Nc6 30. Kg2 Rh5 31. Be4 Qd7 32. Bxc6 Qxc6 33. Qc3 b5 34. Kg1 b4 35. Qe3 c3 36. bxc3 bxc3 37. Ne1 c2 38. Qc1 Rxe5 39. Nxc2 Rc5 40. Qb2+ Kh7 41. Ne1 Rc1 42. Re4 Qxe4 43. Qxc1 Nd4 44. Qe3 Ne2+ 45. Kh2 Qxe3 46. fxe3 Nc3 47. a3 Nb1 48. Nc2 g5 49. Kh3 Kg6 50. Kg4 f5+ 51. Kf3 a5 52. Ke2 Kh5 53. hxg5 Kxg5 54. Kd3 a4 55. Kc4 Kg4 56. Kb4 Kxg3 57. Nd4 Kf2 58. Nxf5 Kf3 59. Kxa4 Ke4 1/2-1/2

[Event "4NCL Div 1 2018-19"]
[Site "Daventry"]
[Date "2019.01.13"]
[Round "4"]
[White "Weller, Jean-Luc"]
[Black "Taylor, Martin R"]
[Result "0-1"]
[ECO "D27"]
[WhiteElo "2268"]
[BlackElo "2328"]
[Annotator "NA"]
[PlyCount "80"]
[EventDate "2019.01.12"]
[EventCountry "GBR"]
[SourceTitle "playchess.com"]
[Source "ChessBase"]
[SourceQuality "1"]
[TimeControl "40"]

1. d4 d5 2. c4 e6 3. Nc3 c6 4. e3 Nf6 5. Bd3 Nbd7 6. Nf3 dxc4 7. Bxc4 b5 8. Bd3 Bb7 9. O-O a6 10. Qe2 c5 11. dxc5 Nxc5 12. Bc2 Be7 13. b4 Nce4 14. Nxe4 Nxe4 15. Bxe4 Bxe4 16. Rd1 Qb8 17. Bb2 O-O 18. Ne5 Rd8 19. Rxd8+ Qxd8 20. Rd1 Qe8 21. Rd4 Bd5 22. e4 Bxa2 23. Qg4 f6 24. Rd2 Rd8 25. Rxd8 Bxd8 26. Nd3 Qd7 27. Qe2 Bc4 28. Nc5 Bxe2 29. Nxd7 a5 30. Nc5 Be7 31. Bc3 Kf7 32. f4 Bxc5+ 33. bxc5 b4 34. Bd2 Bd3 35. e5 fxe5 36. fxe5 Be4 37. Kf2 Ke7 38. Ke3 Bxg2 39. Kd4 Kd7 40. Kc4 Kc6 0-1

[Event "4NCL Div 1 2018-19"]
[Site "Daventry"]
[Date "2019.01.13"]
[Round "4"]
[White "Toczek, Grzegorz"]
[Black "Taylor, Adam A"]
[Result "0-1"]
[ECO "B23"]
[WhiteElo "2263"]
[BlackElo "2122"]
[Annotator "NA"]
[PlyCount "136"]
[EventDate "2019.01.12"]
[EventCountry "GBR"]
[SourceTitle "playchess.com"]
[Source "ChessBase"]
[SourceQuality "1"]
[TimeControl "40"]

1. e4 c5 2. Nc3 e6 3. Nge2 Nc6 4. g3 Nge7 5. Bg2 d6 6. O-O Nd4 7. Nxd4 cxd4 8. Ne2 Nc6 9. c3 Qb6 10. cxd4 Nxd4 11. Qa4+ Nc6 12. d4 Bd7 13. Qd1 Be7 14. b3 O-O 15. Be3 Qa5 16. Qb1 Rfc8 17. Rd1 Nb4 18. Rd2 Qa3 19. Qb2 Qxb2 20. Rxb2 Nc2 21. Rc1 Nxe3 22. fxe3 Rxc1+ 23. Nxc1 Rc8 24. Ne2 Bb5 25. Kf2 Bd8 26. Bf1 Bd3 27. Nf4 Bxe4 28. Bg2 Bxg2 29. Kxg2 g5 30. Nh5 d5 31. g4 h6 32. Kf3 Kh7 33. Ng3 Kg6 34. Kg2 Rc3 35. Re2 Bc7 36. Nh5 f5 37. h3 Bd6 38. Kf2 Rc1 39. Kg2 a6 40. Ng3 Rc3 41. Nh5 Bb8 42. Kf2 b5 43. Kg2 a5 44. Kf2 Bd6 45. Kg2 Rc1 46. Ng3 Bb8 47. Nf1 Bc7 48. Kf2 h5 49. gxh5+ Kxh5 50. Kg2 Kg6 51. Kf2 Kf6 52. Nd2 a4 53. Nf3 a3 54. Ne1 Bd6 55. Kg2 Rd1 56. Nf3 Rb1 57. Ne1 Bb4 58. Nd3 Bc3 59. Kf3 Rd1 60. Ne5 Rh1 61. Kg2 Rb1 62. Kf3 Rb2 63. Nd3 Bd2 64. h4 g4+ 65. Kf4 Rxa2 66. h5 Rc2 67. Nb4 Bxb4 68. Rxc2 Bd6# 0-1

[Event "4NCL Div 1 2018-19"]
[Site "Daventry"]
[Date "2019.01.13"]
[Round "4"]
[White "Holland, James P"]
[Black "Stewart, Ashley"]
[Result "1-0"]
[ECO "B27"]
[WhiteElo "2257"]
[BlackElo "2122"]
[Annotator "NA"]
[PlyCount "125"]
[EventDate "2019.01.12"]
[EventCountry "GBR"]
[SourceTitle "playchess.com"]
[Source "ChessBase"]
[SourceQuality "1"]
[TimeControl "40"]

1. e4 c5 2. Nf3 g6 3. Bc4 Nc6 4. O-O Bg7 5. c3 e6 6. d4 cxd4 7. Nxd4 Nxd4 8. cxd4 Ne7 9. d5 exd5 10. Bxd5 Nxd5 11. Qxd5 O-O 12. Nc3 Qb6 13. Be3 Qxb2 14. Rfc1 Bxc3 15. Rab1 Qa3 16. Bc5 Qa5 17. Bxf8 Kxf8 18. Rb5 Qa3 19. Qc5+ Qxc5 20. Rxc5 d6 21. R5xc3 Be6 22. a3 d5 23. e5 b5 24. Rc7 a5 25. Rb7 b4 26. axb4 axb4 27. Rxb4 Ra2 28. Re1 h5 29. Rd4 Rc2 30. Kf1 Ra2 31. Red1 Kg7 32. R1d2 Ra3 33. Ke2 Kh6 34. f3 Kg5 35. Kf2 Rb3 36. Re2 Ra3 37. h4+ Kh6 38. Kg3 Ra1 39. Kf4 Rh1 40. g3 Rg1 41. Red2 Ra1 42. Rb2 Ra3 43. Rb8 Kg7 44. Rdb4 Bh3 45. Rb3 Ra4+ 46. Kg5 Bg4 47. R8b4 Rxb4 48. Rxb4 Bxf3 49. Rb8 Bg4 50. Rd8 Be6 51. Rd6 Kf8 52. Kh6 Ke8 53. Kh7 Kf8 54. Kh8 Ke8 55. Kg8 Ke7 56. Kg7 d4 57. Rxd4 Bb3 58. Rb4 Bd5 59. Rb5 Ba2 60. Rb7+ Ke8 61. Kf6 Bc4 62. Rb8+ Kd7 63. Rf8 1-0

[Event "4NCL Div 1 2018-19"]
[Site "Daventry"]
[Date "2019.01.13"]
[Round "4"]
[White "Rudd, Jack"]
[Black "Mueller, Constantin"]
[Result "1-0"]
[ECO "E44"]
[WhiteElo "2234"]
[BlackElo "2280"]
[Annotator "NA"]
[PlyCount "131"]
[EventDate "2019.01.12"]
[EventCountry "GBR"]
[SourceTitle "playchess.com"]
[Source "ChessBase"]
[SourceQuality "1"]
[TimeControl "40"]

1. d4 Nf6 2. c4 e6 3. Nc3 Bb4 4. e3 b6 5. Nge2 Bb7 6. a3 Be7 7. Nf4 d5 8. cxd5 exd5 9. Bd3 O-O 10. O-O Re8 11. b4 c6 12. Qf3 Na6 13. b5 Nc7 14. a4 Qd7 15. bxc6 Bxc6 16. Ba3 Bd8 17. Rfc1 Ne4 18. Bxe4 dxe4 19. Qd1 Rc8 20. d5 Bb7 21. d6 Na6 22. Nb5 Bf6 23. Rxc8 Rxc8 24. Rc1 Be5 25. Rxc8+ Bxc8 26. Nd5 Bb7 27. Ne7+ Kh8 28. Qb3 Qg4 29. g3 Nb8 30. Nxa7 Nd7 31. Qxf7 Qd1+ 32. Kg2 Qf3+ 33. Qxf3 exf3+ 34. Kg1 g6 35. Nac6 Bc3 36. Nd8 Be4 37. Ne6 Bc2 38. Nd5 Ba1 39. Nxb6 Nxb6 40. a5 Nd7 41. Nc5 Nxc5 42. Bxc5 Kg8 43. a6 Kf7 44. d7 Bf6 45. Bb6 Ke6 46. d8=Q Bxd8 47. Bxd8 Be4 48. a7 Bc6 49. Kf1 Kd5 50. Ke1 Kc4 51. Kd2 Be4 52. g4 Ba8 53. h3 Be4 54. Ke1 Kd3 55. Kf1 Ba8 56. Kg1 Ke2 57. Bh4 h6 58. Bf6 Bb7 59. Bg7 h5 60. Bf6 hxg4 61. hxg4 Ba8 62. Bh4 Bb7 63. Kh2 g5 64. Bxg5 Kxf2 65. Bh4+ Kxe3 66. g5 1-0

[Event "4NCL Div 1 2018-19"]
[Site "Daventry"]
[Date "2019.01.13"]
[Round "4"]
[White "Kett, Tim"]
[Black "Oswald, Graeme E"]
[Result "1/2-1/2"]
[ECO "A43"]
[WhiteElo "2209"]
[BlackElo "2143"]
[Annotator "NA"]
[PlyCount "92"]
[EventDate "2019.01.12"]
[EventCountry "GBR"]
[SourceTitle "playchess.com"]
[Source "ChessBase"]
[SourceQuality "1"]
[TimeControl "40"]

1. d4 Nf6 2. Nf3 c5 3. d5 d6 4. Nc3 g6 5. e4 Bg7 6. Be2 O-O 7. O-O e6 8. h3 exd5 9. exd5 a6 10. a4 b6 11. Bf4 Bb7 12. Qd2 Re8 13. Rfe1 Qc7 14. Rad1 Nbd7 15. Bf1 Rac8 16. g4 Rxe1 17. Rxe1 Re8 18. Rxe8+ Nxe8 19. Bg2 Qd8 20. Bg5 Ndf6 21. Qe3 Qd7 22. Nd2 b5 23. axb5 axb5 24. Qd3 c4 25. Qe2 h6 26. Bf4 b4 27. Nce4 Nxd5 28. Bg3 c3 29. bxc3 Nxc3 30. Qd3 d5 31. Nc5 Qc6 32. Nxb7 Qxb7 33. Nf1 Qd7 34. Ne3 d4 35. Nc4 Qe6 36. Bf3 f5 37. Na5 Ne4 38. Qb5 Kh7 39. Qc6 Qe7 40. gxf5 gxf5 41. Nc4 d3 42. cxd3 Nxg3 43. fxg3 Bd4+ 44. Kg2 Ng7 45. Qd5 Qa7 46. Nd6 Bg1 1/2-1/2

[Event "4NCL Div 1 2018-19"]
[Site "Daventry"]
[Date "2019.01.13"]
[Round "4"]
[White "Blackburn, Jonathan L B"]
[Black "Coathup, Roger H"]
[Result "0-1"]
[ECO "A65"]
[WhiteElo "2208"]
[BlackElo "2139"]
[Annotator "NA"]
[PlyCount "174"]
[EventDate "2019.01.12"]
[EventCountry "GBR"]
[SourceTitle "playchess.com"]
[Source "ChessBase"]
[SourceQuality "1"]
[TimeControl "40"]

1. d4 Nf6 2. c4 g6 3. Nc3 Bg7 4. e4 d6 5. Nge2 O-O 6. Ng3 c5 7. d5 e6 8. Be2 exd5 9. cxd5 a6 10. a4 h5 11. Bg5 Qa5 12. O-O Re8 13. Qc2 Nbd7 14. h3 Nf8 15. Rfe1 N8h7 16. Bf4 Qd8 17. Nf1 g5 18. Bh2 g4 19. h4 Nd7 20. Bxd6 Qxh4 21. g3 Qf6 22. e5 Nxe5 23. Ne4 Qg6 24. Bxe5 Rxe5 25. Bd3 Bf5 26. Nxc5 Bxd3 27. Qxd3 Qxd3 28. Nxd3 Rxd5 29. Nf4 Rc5 30. Rac1 Rxc1 31. Rxc1 Bh6 32. Rc7 Bxf4 33. gxf4 Rb8 34. Ng3 Nf6 35. Rc5 Rd8 36. Rf5 Kg7 37. Rg5+ Kf8 38. Rf5 Rd6 39. b4 h4 40. Nf1 Ne4 41. Ne3 g3 42. fxg3 Nxg3 43. Rc5 Rd2 44. Nf5 Nxf5 45. Rxf5 Rd4 46. b5 Rxa4 47. bxa6 bxa6 48. Kg2 Ra3 49. Rh5 h3+ 50. Kh2 Kg7 51. Rg5+ Kf6 52. Rc5 a5 53. Rb5 Ke7 54. Re5+ Kf8 55. Rf5 a4 56. Ra5 f6 57. Ra7 Kg8 58. f5 Kf8 59. Ra8+ Kf7 60. Ra7+ Kg8 61. Ra5 Kh7 62. Ra8 Kg7 63. Ra6 Kf7 64. Ra7+ Ke8 65. Ra6 Ke7 66. Re6+ Kf7 67. Re4 Kg7 68. Rg4+ Kh6 69. Rg6+ Kh5 70. Rxf6 Kg4 71. Rg6+ Kxf5 72. Ra6 Ke4 73. Ra8 Kd5 74. Ra7 Kc5 75. Ra8 Ra1 76. Kxh3 Kb4 77. Kg2 Kb3 78. Kf2 a3 79. Rb8+ Ka2 80. Ra8 Rb1 81. Ke3 Kb2 82. Rb8+ Ka1 83. Ra8 a2 84. Kd2 Kb2 85. Rb8+ Ka3 86. Ra8+ Kb3 87. Rb8+ Kc4 0-1

[Event "4NCL Div 1 2018-19"]
[Site "Daventry"]
[Date "2019.01.13"]
[Round "4"]
[White "Oyama, Akito"]
[Black "Cooper, John G"]
[Result "1/2-1/2"]
[ECO "B23"]
[WhiteElo "2198"]
[BlackElo "2274"]
[Annotator "NA"]
[PlyCount "44"]
[EventDate "2019.01.12"]
[EventCountry "GBR"]
[SourceTitle "playchess.com"]
[Source "ChessBase"]
[SourceQuality "1"]
[TimeControl "40"]

1. e4 c5 2. Nc3 e6 3. f4 Nc6 4. Nf3 Nge7 5. Bb5 Nd4 6. O-O a6 7. Bd3 Nec6 8. Nxd4 cxd4 9. Ne2 Bc5 10. a3 b5 11. b4 Bb6 12. Kh1 Bb7 13. Bb2 d6 14. c3 dxc3 15. dxc3 O-O 16. Ng3 Qh4 17. c4 Bd4 18. Qd2 Qf6 19. Nh5 Qh6 20. Ng3 Qf6 21. Nh5 Qh6 22. Ng3 Qf6 1/2-1/2

[Event "4NCL Div 1 2018-19"]
[Site "Daventry"]
[Date "2019.01.13"]
[Round "4"]
[White "Nelson, Jonathan P"]
[Black "Connell, Blair N"]
[Result "1/2-1/2"]
[ECO "D16"]
[WhiteElo "2189"]
[BlackElo "2240"]
[Annotator "NA"]
[PlyCount "29"]
[EventDate "2019.01.12"]
[EventCountry "GBR"]
[SourceTitle "playchess.com"]
[Source "ChessBase"]
[SourceQuality "1"]
[TimeControl "40"]

1. d4 d5 2. Nf3 Nf6 3. c4 c6 4. Nc3 dxc4 5. a4 e6 6. e3 c5 7. Bxc4 Nc6 8. O-O cxd4 9. exd4 Be7 10. Bf4 O-O 11. Rc1 Nb4 12. Qb3 Nc6 13. Qd1 Nb4 14. Qb3 Nc6 15. Qd1 1/2-1/2

[Event "4NCL Div 1 2018-19"]
[Site "Daventry"]
[Date "2019.01.13"]
[Round "4"]
[White "Stork, Oliver"]
[Black "Berry, Neil"]
[Result "1/2-1/2"]
[ECO "A13"]
[WhiteElo "2187"]
[BlackElo "2258"]
[Annotator "NA"]
[PlyCount "75"]
[EventDate "2019.01.12"]
[EventCountry "GBR"]
[SourceTitle "playchess.com"]
[Source "ChessBase"]
[SourceQuality "1"]
[TimeControl "40"]

1. c4 e6 2. Nf3 d5 3. b3 Nf6 4. g3 d4 5. e3 Nc6 6. exd4 Nxd4 7. Bg2 Bc5 8. O-O O-O 9. Bb2 e5 10. Nxd4 Bxd4 11. Bxd4 Qxd4 12. Nc3 c6 13. Re1 Bf5 14. Qf3 Bd3 15. Qe3 Rfe8 16. Na4 Bf5 17. Nc5 b6 18. Na6 Qd7 19. a4 Rad8 20. a5 c5 21. b4 Qxd2 22. axb6 Qxe3 23. Rxe3 axb6 24. bxc5 bxc5 25. Nxc5 Rc8 26. Nb7 Re6 27. Bd5 Nxd5 28. cxd5 Rb6 29. Rxe5 Rxb7 30. Rxf5 Rd7 31. Rd1 Rcd8 32. Kg2 g6 33. Re5 f6 34. Re6 Kf7 35. Ra6 Rxd5 36. Ra7+ Kg8 37. Rc1 R5d7 38. Rxd7 1/2-1/2

[Event "4NCL Div 1 2018-19"]
[Site "Daventry"]
[Date "2019.01.13"]
[Round "4"]
[White "Hansen, Hans-Peter"]
[Black "Olson, Hamish"]
[Result "0-1"]
[ECO "A13"]
[WhiteElo "2173"]
[BlackElo "2282"]
[Annotator "NA"]
[PlyCount "80"]
[EventDate "2019.01.12"]
[EventCountry "GBR"]
[SourceTitle "playchess.com"]
[Source "ChessBase"]
[SourceQuality "1"]
[TimeControl "40"]

1. c4 e6 2. Nf3 d5 3. g3 Nd7 4. b3 a5 5. Bb2 a4 6. Na3 Ngf6 7. Bg2 c6 8. O-O Bd6 9. d4 O-O 10. Nc2 b6 11. cxd5 exd5 12. bxa4 Rxa4 13. a3 Bb7 14. Nb4 Ra5 15. Qc2 c5 16. Nd3 Qe7 17. Rfc1 c4 18. Nb4 Rfa8 19. Rab1 Ra4 20. e3 b5 21. Nd2 Rxa3 22. Bxa3 Rxa3 23. Qb2 Rxe3 24. Nf1 Rb3 25. Qa2 Rxb1 26. Rxb1 Bxb4 27. Ne3 g6 28. Qa7 Nf8 29. Rxb4 Qxb4 30. Qxb7 Qb1+ 31. Bf1 b4 32. Qe7 N8d7 33. Nxd5 Nxd5 34. Qxd7 Nf6 35. Qc8+ Kg7 36. Qxc4 b3 37. Kg2 Qe4+ 38. f3 Qc2+ 39. Kg1 Qxc4 40. Bxc4 b2 0-1